AoeStats
← [GG] Shevchenko 7

Four Lakes

508950569Analyzed
1v1 RM · 8d ago on Sep 24, 2026· 34m 33s· 2 players
Game mode
Random Map
Map size
Tiny (2 player)
Population
200
Speed
Normal
Resources
Standard
Victory
Conquest
Starting age
Dark Age
Ending age
Imperial Age
RankedLock teamsTeams togetherTeam positionsShared explorationLock speedFull tech treeHidden civsTurbo modeCheats
Victory
Defeat
🇦🇷 Huns · Argentina
1146
+15
🇧🇷 Persians · Brazil
1120
-15
[GG] Shevchenko 7
3:39 Loom
7:32 Loom
8:05 Loom
11:00 Feudal Age
15:55 Scale Barding Armor
16:43 Forging
21:29 Castle Age
21:44 Scale Mail Armor
24:09 Wheelbarrow
23:53 Husbandry
32:18 Hand Cart
33:16 Fletching
33:47 Chain Barding Armor
34:03 Iron Casting
33:28 Padded Archer Armor
33:04 Crossbowman
33:50 Thumb Ring
camel
4:53 Loom
9:53 Feudal Age
10:48 Double-Bit Axe
13:54 Horse Collar
16:09 Wheelbarrow
18:43 Castle Age
16:43 Gold Mining
18:49 Bloodlines
20:08 Forging
20:03 Scale Barding Armor
20:08 Forging
20:03 Scale Barding Armor
20:15 Husbandry
20:30 Bow Saw
22:18 Iron Casting
22:03 Chain Barding Armor
24:28 Gold Shaft Mining
24:15 Hand Cart
23:37 Pikeman
26:11 Scale Mail Armor
28:20 Chain Barding Armor
28:52 Chain Mail Armor
Connection lost

Rejoining the realm…

Still unreachable

The connection could not be restored.

Session expired

The server has moved on; the page needs a fresh start.